 Dungeon Crawl Stone Soup version 0.28-b1-70-g80dc712255 (webtiles) character file.

Game seed: 14916664433956939885

54 growler the Gusty (level 3, 0/19 HPs)
             Began as a Tengu Air Elementalist on Feb 3, 2022.
             Splashed by a jelly's acid (6 damage)
             ... on level 2 of the Dungeon.
             The game lasted 00:04:44 (2389 turns).

growler the Gusty (Tengu Air Elementalist)          Turns: 2389, Time: 00:04:45

Health: 0/19       AC:  2    Str:  8    XL:     3   Next: 91%
Magic:  1/8        EV: 12    Int: 17    God:
Gold:   124        SH:  0    Dex: 14    Spells: 1/7 levels left

rFire   . . .      SeeInvis .   (no weapon)
rCold   . . .      Faith    .   (no shield)
rNeg    . . .      Spirit   .   a - +0 robe
rPois   .          Reflect  .   (helmet restricted)
rElec   .          Harm     .   (no cloak)
rCorr   .          Rampage  .   (no gloves)
Will    .....                   (boots unavailable)
Stlth   ++........              (no amulet)
HPRegen 0.06/turn               (no ring)
MPRegen 0.11/turn               (no ring)

@: no status effects
A: beak, talons 3
a: no special abilities


You were on level 2 of the Dungeon.
You visited 1 branch of the dungeon, and saw 2 of its levels.

You collected 124 gold pieces.

Inventory:

Armour
 a - a +0 robe (worn)
Scrolls
 b - a scroll of teleportation {unknown}
 c - 2 scrolls of noise {unknown}
 d - 2 scrolls of identify {unknown}
 f - a scroll of magic mapping {unknown}
 g - a scroll of enchant armour {unknown}
 h - a scroll of enchant weapon {unknown}
Potions
 e - a potion of flight {unknown}


   Skills:
 - Level 2.1 Dodging
 - Level 2.0 Stealth
 + Level 2.7 Spellcasting
 + Level 3.0 Conjurations
 + Level 4.8 Air Magic


You had one spell level left.
You knew the following spells:

 Your Spells              Type           Power      Damage    Failure   Level
a - Shock                 Conj/Air       60%        1d6       3%          1
d - Static Discharge      Conj/Air       15%        N/A       5%          2
s - Swiftness             Air            18%        N/A       8%          3

Your spell library contained the following spells:

 Spells                   Type           Power      Damage    Failure   Level
 Airstrike                Air            9%         N/A       24%         4


Dungeon Overview and Level Annotations

Branches:
Dungeon (2/15)

Altars:


Innate Abilities, Weirdness & Mutations

You have a beak for a mouth.
You have claws for feet.


Message History

The zap hits the kobold.
The kobold shouts!
The kobold throws a stone.
The stone barely misses you.
Aim: a kobold, wielding a +0 dagger and quivering stones (moderately wounded, 64% to hit)
The zap misses the kobold.
Aim: a kobold, wielding a +0 dagger and quivering stones (moderately wounded, 64% to hit)
The zap hits the kobold.
You kill the kobold!
Things that are here:
a +0 dagger; 5 stones; a kobold corpse You open the door. 2 endoplasms come into view.
The endoplasm quivers.
Aim: an endoplasm (98% to hit)
The zap hits the endoplasm. x2
The endoplasm quivers.
Aim: an endoplasm (moderately wounded, 98% to hit)
The zap hits the endoplasm. x2; The zap hits the fungus.
The fungus begins to die.
The endoplasm hits you but does no damage.
Aim: an endoplasm (severely wounded, 98% to hit)
The zap hits the endoplasm.
You kill the endoplasm!
The zap hits the endoplasm.
The zap hits the fungus.
You feel a bit more experienced.
Your Conjurations skill increases to level 3!
Aim: an endoplasm (heavily wounded, 98% to hit)
The zap hits the endoplasm.
Aim: an endoplasm (severely wounded, 98% to hit)
The zap hits the endoplasm.
You kill the endoplasm!
The zap hits the fungus.
A nearby fungus withers and dies.
A jelly comes into view.
The jelly moves out of view.
A jelly is nearby!
Things that are here:
a +0 dagger; 5 stones; a kobold corpse
There is an open door here.
You close the door.
You hear a slurping noise.
The jelly eats the door!
The jelly is struck by an arc of lightning.
You are struck by an arc of lightning.
The lightning grounds out.
The jelly hits you.
You are splashed with acid!
* * * LOW HITPOINT WARNING * * *
The jelly is struck by an arc of lightning.
The lightning grounds out.
The jelly hits you.
* * * LOW HITPOINT WARNING * * *
You are splashed with acid.
You die...

###.......#.#.###########.......
....<.....#.#...............###.
####..#.#.....#############.# #.
#.......########## #.# #.
...###)##########.## #.###.
#.####....#.#.# #.....
#).##.....#.#J# ###.##
#..').....#J#.# #.##
#..')).....@#.# #.##
#..').......#)# #)##
#..##.......#.# #.##
#..###......##'....P. #.## ##.#
######## #...... #.# #.. ######
#.# ##.


You could see a jelly.

Vanquished Creatures
  2 dart slugs (D:1)
  5 endoplasms
  4 giant cockroaches
  4 goblins
  2 hobgoblins (D:1)
  15 kobolds
  A quokka (D:2)
  5 ball pythons (D:1)
  3 bats (D:1)
  4 frilled lizards
  2 rats
47 creatures vanquished.

Vanquished Creatures (others)
  A fungus (D:2)
  8 toadstools (D:2)
9 creatures vanquished.

Grand Total: 56 creatures vanquished

Notes
Turn   | Place    | Note
-------+----------+-------------------------------------------
     0 | D:1      | growler the Tengu Air Elementalist began the quest for the
                  | Orb.
     0 | D:1      | Reached XP level 1. HP: 10/10 MP: 4/4
   389 | D:1      | Reached XP level 2. HP: 15/15 MP: 4/6
   481 | D:1      | Found a faded altar of an unknown god.
   496 | D:1      | Learned a level 2 spell: Static Discharge
  1006 | D:1      | Reached XP level 3. HP: 3/19 MP: 0/7
  1872 | D:2      | Learned a level 3 spell: Swiftness
  2389 | D:2      | Splashed by a jelly's acid

Illustrated notes

Levels and vault maps discovered:
D:1:      psy_arrival_radial02, layout_basic,
          hellmonk_ecumenical_altar_pennies_from_heaven, minmay_tromino_mix6
D:2:      cheibrodos_fertilizer, layout_basic, serial_shops,
          nicolae_square_shop, due_unseen_surprise

Skill      XL: |  1  2  3 |
---------------+----------+-----
Conjurations   | 2 3 |  3.0
Dodging        | |  2.1
Stealth        | |  2.0
Spellcasting   | |  2.7
Air Magic      | |  4.8

Action                   || total
-------------------------++-------
Melee: Unarmed           ||     6
       Kick              ||     2
 Cast: Shock             ||    80
       Static Discharge  ||     7
Armor: Robe              ||     9
Dodge: Dodged            ||    13
